 Dungeon Crawl Stone Soup version 0.18.1-48-g4cf74bf (webtiles) character file.

464 nikopol the Skirmisher (level 6, 0/85 HPs)
             Began as a Minotaur Berserker on Aug 22, 2016.
             Was a Believer of Trog.
             Slain by a giant frog zombie (5 damage)
             ... on level 5 of the Dungeon.
             The game lasted 00:06:06 (3824 turns).

nikopol the Skirmisher (Minotaur Berserker)         Turns: 3824, Time: 00:06:07

Health: 0/85       AC:  3    Str: 27    XL:     6   Next: 80%
Magic:  5/5        EV: 13    Int:  4    God:    Trog [**....]
Gold:   300        SH:  0    Dex: 11    Spells: 0 memorised, 5 levels left

rFire  . . .     SeeInvis .     a - +0 hand axe
rCold  . . .     Gourm    .     k - +0 leather armour
rNeg   . . .     Faith    .     (no shield)
rPois  .         Spirit   .     (helmet restricted)
rElec  .         Dismiss  .     (no cloak)
rCorr  .         Reflect  .     (no gloves)
SustAt .         Harm     .     (no boots)
MR     .....                    (no amulet)
Stlth  ..........               (no ring)
                                (no ring)

@: berserking, very quick, not resistant to hostile enchantments, extremely
unstealthy
A: retaliatory headbutt, horns 2
a: Berserk, Trog's Hand, Burn Spellbooks, Renounce Religion


You were on level 5 of the Dungeon.
You worshipped Trog.
Trog was pleased with you.
You were not hungry.

You visited 1 branch of the dungeon, and saw 6 of its levels.

You collected 300 gold pieces.

Inventory:

Hand Weapons
 a - a +0 hand axe (weapon)
Missiles
 j - 69 arrows (quivered)
Armour
 b - a +0 animal skin
 k - a +0 leather armour (worn)
Jewellery
 e - an uncursed ring of see invisible {unknown}
 f - an uncursed amulet of dismissal {unknown}
Scrolls
 i - 2 scrolls of enchant weapon {unknown}
 l - 4 scrolls of identify {unknown}
 o - a scroll of immolation {unknown}
 p - 2 scrolls of enchant armour {unknown}
 q - a scroll of fear {unknown}
 r - a scroll of teleportation {unknown}
 t - a scroll of amnesia {unknown}
Potions
 h - a potion of agility {unknown}
 m - a potion of heal wounds {unknown}
 n - a potion of curing {unknown}
 s - a potion of degeneration {unknown}
Comestibles
 c - 2 bread rations
 d - 3 meat rations
 g - a beef jerky
 u - 6 chunks of flesh


   Skills:
 + Level 5.8 Fighting
 + Level 5.4 Axes
 + Level 4.7 Armour
 + Level 4.4 Dodging


You had 5 spell levels left.
You didn't know any spells.

Dungeon Overview and Level Annotations

Branches:
Dungeon (6/15)
 Temple: D:4-7

Altars:
Kikubaaqudgha
Okawaru
Pakellas
Qazlal
Vehumet


Innate Abilities, Weirdness & Mutations

You reflexively headbutt those who attack you in melee.
You have a pair of horns on your head.


Message History

You completely miss the sky beast.
The gnoll shouts!
Your headbutt misses the sky beast. You hit the giant frog zombie.
The sky beast hits you.
* * * LOW HITPOINT WARNING * * *
The sky beast shocks you.
* * * LOW HITPOINT WARNING * * *
The gnoll moves out of view.
You slash the sky beast!
The sky beast is heavily wounded.
You hit the giant frog zombie.
The giant frog zombie hits you but does no damage.
The sky beast hits you.
* * * LOW HITPOINT WARNING * * *
The sky beast shocks you.
* * * LOW HITPOINT WARNING * * *
You barely miss the sky beast. Your headbutt misses the sky beast.
The sky beast is heavily wounded.
You slash the giant frog zombie! The giant frog zombie hits you.
You die...

# #.........#
##.#.# #÷#.#
l....####.#.##
...#.#.$....†..#
#.g........###.#
##.#.#.##.## #
#g##.# #Y##.#
#@###. #Z# # #.#
#.# ... #.# #..
###


You could see a sky beast, a gnoll and a giant frog zombie.

Vanquished Creatures
  Sigmund (D:3)
  A howler monkey (D:4)
  3 hounds
  A giant frog skeleton (D:4)
  8 adders
  An ooze (D:2)
  5 worms
  2 dart slugs
  A giant gecko (D:1)
  An orc (D:3)
  3 ball pythons
  3 giant cockroaches
  10 goblins
  4 hobgoblins
  4 jackals (D:4)
  6 bats
  5 giant newts
  4 kobolds
  6 rats
69 creatures vanquished.

Notes
Turn   | Place    | Note
--------------------------------------------------------------
     0 | D:1      | nikopol the Minotaur Berserker began the quest for the Orb.
     0 | D:1      | Reached XP level 1. HP: 19/19 MP: 0/0
   501 | D:1      | Reached XP level 2. HP: 17/27 MP: 1/1
  1055 | D:2      | Found an oddly glowing altar of Pakellas.
  1128 | D:2      | Reached XP level 3. HP: 32/33 MP: 2/2
  1407 | D:2      | Found a faded altar to an unknown god.
  1452 | D:2      | Reached ** piety under Trog
  1977 | D:2      | Reached XP level 4. HP: 41/41 MP: 3/3
  2283 | D:2      | Found an ancient bone altar of Kikubaaqudgha.
  2284 | D:2      | Found an iron altar of Okawaru.
  2312 | D:3      | Noticed Sigmund
  2319 | D:3      | Killed Sigmund
  2319 | D:3      | Reached skill level 5 in Fighting
  2319 | D:3      | Reached XP level 5. HP: 48/48 MP: 4/4
  3031 | D:3      | Reached XP level 6. HP: 56/56 MP: 5/5
  3298 | D:3      | Noticed a water elemental
  3299 | D:3      | Found a stormy altar of Qazlal.
  3300 | D:3      | Noticed an air elemental
  3301 | D:3      | Noticed a fire elemental
  3416 | D:4      | Reached skill level 5 in Axes
  3743 | D:4      | You fall through a shaft for 2 floors!
  3743 | D:6      | Found a radiant altar of Vehumet.
  3743 | D:6      | Noticed a yak
  3743 | D:6      | Noticed a yak
  3743 | D:6      | Noticed a yak
  3743 | D:6      | Noticed a yak
  3745 | D:6      | Noticed a yak
  3745 | D:6      | Noticed a yak
  3759 | D:5      | Entered Level 5 of the Dungeon
  3808 | D:5      | Noticed a sky beast
  3824 | D:5      | Slain by a giant frog zombie

Skill      XL: |  1  2  3  4  5  6 |
---------------+-------------------+-----
Fighting       | 4 5 |  5.8
Armour         | 3 4 |  4.7
Axes           | 4 5 |  5.4
Dodging        | 3 4 |  4.4

Action                   |  1- 3 |  4- 6 || total
-------------------------+-------+-------++-------
Melee: Hand axe          |    96 |    76 ||   172
       Headbutt          |    17 |    12 ||    29
Invok: Berserk           |     1 |     3 ||     4
 Stab: Sleeping          |     1 |       ||     1
  Eat: Chunk             |     4 |     8 ||    12
Armor: Animal skin       |     3 |       ||     3
       Leather armour    |     7 |    16 ||    23
Dodge: Dodged            |    50 |    56 ||   106
